 Seeded DCSS version 0.29.1-15-g9cfb28693d (webtiles) character file.

Game seed: 18446744073709551615 (custom seed)

51 hikkokomori the Shooter (level 3, 25/29 HPs)
             Began as a Barachi Hunter on Mar 20, 2023.
             Was a Believer of Lugonu.
             Got out of the dungeon alive.
             The game lasted 00:02:17 (1474 turns).

hikkokomori the Shooter (Barachi Hunter)            Turns: 1474, Time: 00:02:18

Health: 25/29      AC:  3    Str: 12    XL:     3   Next: 81%
Magic:  3/3        EV: 12    Int:  9    God:    Lugonu [**....]
Gold:   53         SH:  0    Dex: 17    Spells: 2/2 levels left

rFire   . . .      SeeInvis .   a - +0 shortbow
rCold   . . .      Faith    .   (shield currently unavailable)
rNeg    . . .      Spirit   .   c - +0 leather armour
rPois   .          Reflect  .   (no helmet)
rElec   .          Harm     .   (no cloak)
rCorr   .          Rampage  .   (no gloves)
Will    .....                   (no boots)
Stlth   ++........              (no amulet)
HPRegen 0.09/turn               (no ring)
MPRegen 0.08/turn               (no ring)

@: slow
A: amphibious, slowness 1, strong legs 1, +LOS
a: Hop, Renounce Religion, Depart the Abyss, Bend Space


You escaped.
You worshipped Lugonu.
Lugonu was pleased with you.
You visited 1 branch of the dungeon, and saw 2 of its levels.

You collected 53 gold pieces.

Inventory:

Hand Weapons
 a - a +0 shortbow (weapon)
 i - the +3 dagger "Wetunah" {vorpal, *Slow Int+3 SInv}
   (You found it on level 2 of the Dungeon)

   It inflicts extra damage upon your enemies.
   Int:       It affects your intelligence (+3).
   SInv:      It lets you see invisible.
   *Slow:     It may slow you when you take damage.
Armour
 c - a +0 leather armour (worn)
Scrolls
 b - a scroll of immolation
 d - a scroll of identify
 g - a scroll of noise
Potions
 e - 3 potions of degeneration
 f - 2 potions of curing
 h - a potion of haste


   Skills:
 + Level 3.2 Fighting
 + Level 4.3 Ranged Weapons
 + Level 3.0 Dodging
 + Level 1.8 Stealth


You had 2 spell levels left.
You didn't know any spells.
Your spell library contained the following spells:

 Spells                   Type           Power      Damage    Failure   Level
 Summon Guardian Golem    Hex/Summ       0%         N/A       83%         3
 Orb of Destruction       Conj           0%         9d5       100%        7
 Spellforged Servitor     Conj/Summ      0%         N/A       100%        7


Dungeon Overview and Level Annotations

Branches:
Dungeon (2/15)

Altars:
Lugonu


Innate Abilities, Weirdness & Mutations

You are amphibious.
You cover ground slowly.
You can hop short distances.
You have an extended range of vision and can be seen from far away.


Message History

You shoot an arrow. The arrow hits the kobold!
You kill the kobold!
Your Dodging skill increases to level 3!
No target in view!
No target in view!
No target in view!
As you read the scroll of identify, it crumbles to dust.
f - 2 potions of curing Save game and exit?
Okay, then.
You open the door.
There is an open door here.
There is a faded altar of an unknown god here.
You cannot tell which god this altar belongs to.
Convert to them anyway?
Okay, then.
You cannot tell which god this altar belongs to.
Convert to them anyway? [Y]es or [N]o only, please.
You cannot tell which god this altar belongs to.
Convert to them anyway?
Lugonu accepts your prayer! Lugonu welcomes you!
You can now depart the Abyss.
You can now bend space around yourself.
You fail to use your ability.
Space bends violently around you!
You blink.
Save game and exit?
Welcome back, hikkokomori the Barachi Hunter.
Game seed: 18446744073709551615 (custom seed) Lugonu says: Spread carnage and corruption!
Press ? for a list of commands and other information.
(D) Dungeon
Where to? (? - help)
What level of the Dungeon? (default 1, ? - help)
There is an open door here.
Magic restored.
There is a stone staircase leading up here.
You climb upwards.
There is a stone staircase leading down here.
You see here 3 stones.
There is a staircase leading out of the dungeon here.
Are you sure you want to leave the Dungeon?
This will make you lose the game!
You have escaped!

#.....##..#.......
##.........)#.###.
##.##.######.# #.
#.##.# #)# #.
#.##.# #.# #.
#.##.#### #.###.
#.##....# #..##.
#########.# #.###.
#@..#..##.###.# #.
#..#.##.#.#..#####
#.###≈.#.#...##.#
#..#.###.#§.#.#.#
##.##.#.≈≈..≈.#.#
#.##.####.##..#.#
##..#≈#..######.##
#...#..##..#.##...
##.##.##.##.#.#.##


There were no monsters in sight!

Vanquished Creatures
  An adder (D:2)
  2 worms
  3 ball pythons
  3 bats (D:1)
  2 endoplasms (D:1)
  4 goblins (D:1)
  3 hobgoblins
  5 jackals (D:2)
  A quokka (D:2)
  2 frilled lizards
  4 kobolds
  3 rats (D:1)
33 creatures vanquished.

Notes
Turn   | Place    | Note
-------+----------+-------------------------------------------
     0 | D:1      | hikkokomori the Barachi Hunter began the quest for the Orb.
     0 | D:1      | Reached XP level 1. HP: 17/17 MP: 1/1
    83 | D:1      | Reached skill level 1 in Stealth
   147 | D:1      | Reached XP level 2. HP: 23/23 MP: 2/2
   965 | D:1      | Reached XP level 3. HP: 29/29 MP: 3/3
  1284 | D:2      | Identified the +3 dagger "Wetunah" {vorpal, *Slow Int+3
                  | SInv}
  1395 | D:2      | Found a faded altar of an unknown god.
  1411 | D:2      | Prayed at the altar of an unknown god.
  1411 | D:2      | Became a worshipper of Lugonu the Unformed
  1411 | D:2      | Reached * piety under Lugonu
  1411 | D:2      | Reached ** piety under Lugonu
  1474 | D:$      | Got out of the dungeon alive.

Illustrated notes

Levels and vault maps discovered:
D:1:      dpeg_arrival_brainrot, layout_loops_ring
D:2:      layout_basic, hellmonk_ecumenical_altar_inner_sanctum,
          minmay_fountain_box, minmay_domino_2, uniq_natasha

Skill      XL: |  1  2  3 |
---------------+----------+-----
Stealth        | 1 |  1.8
Fighting       | 3 |  3.2
Dodging        | 3 |  3.0
Ranged Weapons | |  4.3

Action                   || total
-------------------------++-------
 Fire: Shortbow          ||    76
Invok: Bend Space        ||     1
 Abil: Hop               ||     1
  Use: Scroll            ||     6
Armor: Leather armour    ||     6
Dodge: Dodged            ||    29
